Map: Chain of Ascension

Players

Alebay

  • Race: Protoss Protoss
  • Spawn Location: 11:00

MattBarry

  • Race: Zerg Zerg

VOD

Have the link to the VOD?

Description

Time

  • Played on: Dec. 26, 2022, 2:45 a.m.
  • Length: 30:33
Show
View Real Time Build Order
Export as new Build Order

Alebay Protoss 

Build Orders:  

Get SALT Encoding   

  12  0:02  Probe (Chrono Boost)  
  13  0:16  Probe (Chrono Boost)  
  14  0:27  Pylon  
  14  0:30  Probe (Chrono Boost)  
  15  0:51  Probe (Chrono Boost)  
  15  0:53  Assimilator  
  16  1:05  Probe (Chrono Boost)  
  17  1:19  Forge, Probe (Chrono Boost)  
  18  1:31  Dark Pylon  
  18  1:33  Probe (Chrono Boost)  
  18  1:36  Gateway  
  19  1:47  Probe (Chrono Boost)  
  20  2:01  Assimilator, Probe (Chrono Boost)  
  21  2:14  Probe (Chrono Boost)  
  22  2:28  Probe (Chrono Boost)  
  23  2:30  Pylon  
  23  2:42  Probe (Chrono Boost)  
  23  2:45  Cybernetics Core  
  23  2:46  Zealot  
  26  2:56  Probe (Chrono Boost)  
  26  2:57  Protoss Ground Weapons Level 1  
  27  3:10  Probe (Chrono Boost)  
  28  3:24  Zealot, Probe (Chrono Boost)  
  31  3:43  Gateway  
  31  3:46  Gateway  
  31  3:51  Warp Gate  
  33  4:38  Dark Pylon  
  31  5:00  Pylon  
  31  5:03  Pylon  
  31  5:13  Stalker x3  
  37  5:44  Twilight Council  
  37  5:47  Stalker x2  
  37  5:48  Stalker  
  43  5:57  Dark Pylon  
  43  6:16  Photon Cannon  
  41  6:22  Stalker x2  
  45  6:55  Blink  
  45  6:57  Stalker x2  
  31  7:31  Stalker  
  31  7:32  Stalker x2  
  37  8:06  Protoss Ground Weapons Level 2  
  37  8:09  Stalker  
  39  8:47  Stalker x2  
  43  8:54  Nexus  
  43  9:06  Pylon  
  43  9:10  Assimilator  
  43  9:17  Dark Pylon  
  43  9:21  Stalker x2  
  41  10:07  Stalker x3  
  47  10:38  Probe (Chrono Boost)  
  48  10:51  Probe (Chrono Boost)  
  48  10:59  Stalker x2  
  53  11:00  Stalker  
  53  11:05  Probe (Chrono Boost)  
  56  11:19  Probe (Chrono Boost)  
  56  11:28  Stalker  
  59  11:33  Probe (Chrono Boost)  
  50  12:40  Probe (Chrono Boost)  
  50  12:44  Probe (Chrono Boost)  
  50  12:45  Dark Pylon  
  52  12:50  Stalker x3  
  52  12:54  Probe (Chrono Boost)  
  60  13:00  Photon Cannon, Probe (Chrono Boost)  
  60  13:07  Gateway  
  60  13:08  Gateway, Probe (Chrono Boost)  
  61  13:12  Gateway  
  61  13:17  Probe (Chrono Boost)  
  62  13:22  Probe (Chrono Boost)  
  62  13:27  Stalker x3  
  69  13:34  Protoss Ground Armor Level 1, Probe (Chrono Boost)  
  69  13:36  Probe (Chrono Boost)  
  70  13:50  Probe (Chrono Boost)  
  70  13:51  Probe (Chrono Boost)  
  71  14:03  Pylon  
  71  14:04  Probe (Chrono Boost)  
  71  14:05  Assimilator  
  71  14:08  Probe (Chrono Boost)  
  73  14:11  Stalker x2  
  73  14:17  Probe (Chrono Boost)  
  78  14:31  Probe (Chrono Boost)  
  78  14:32  Photon Cannon  
  78  14:35  Stalker x2  
  78  14:36  Stalker  
  85  14:45  Probe (Chrono Boost)  
  86  14:59  Probe (Chrono Boost)  
  85  15:05  Photon Cannon  
  85  15:08  Photon Cannon, Stalker x2  
  90  15:15  Pylon  
  86  15:42  Photon Cannon  
  86  15:43  Photon Cannon  
  84  15:52  Dark Pylon  
  82  16:04  Stalker  
  82  16:05  Stalker x5  
  60  16:42  Stalker  
  60  16:43  Stalker x5  
  72  17:14  Probe (Chrono Boost)  
  72  17:19  Gateway  
  73  17:20  Gateway  
  73  17:22  Stalker  
  73  17:23  Stalker x4  
  73  17:24  Stalker  
  73  17:28  Probe (Chrono Boost)  
  86  17:42  Probe (Chrono Boost)  
  87  18:01  Pylon  
  87  18:05  Pylon  
  87  18:07  Pylon  
  87  18:09  Pylon  
  87  18:13  Stalker x6  
  95  19:25  Stalker x5  
  95  19:26  Stalker  
  107  19:41  Pylon  
  107  19:44  Protoss Ground Weapons Level 3  
  107  20:03  Stalker x4  
  115  20:14  Photon Cannon  
  115  20:15  Photon Cannon  
  115  20:17  Photon Cannon  
  99  20:48  Stalker  
  91  21:18  Stalker x5  
  101  21:46  Dark Pylon  
  101  21:53  Stalker x5  
  101  21:54  Stalker  
  113  22:26  Stalker x3  
  113  22:27  Stalker x3  
  123  22:49  Protoss Ground Armor Level 2  
  121  23:07  Stalker x6  
  127  23:32  Pylon  
  127  23:33  Pylon  
  127  23:36  Pylon  
  127  23:38  Pylon  
  117  23:40  Pylon  
  117  23:42  Pylon  
  117  23:43  Pylon  
  117  23:45  Pylon  
  101  24:30  Stalker  
  101  24:31  Stalker x3  
  95  24:59  Stalker x2  
  99  25:04  Stalker x4  
  107  26:03  Dark Pylon  
  107  26:08  Stalker x4  
  107  26:09  Stalker x2  
  119  26:51  Stalker x2  
  119  26:52  Stalker x3  
  119  26:53  Stalker  
  131  27:41  Stalker x3  
  131  27:42  Stalker x3  
  141  27:54  Dark Pylon  
  123  29:31  Stalker x3  
  123  29:32  Stalker x3  
  135  30:00  Dark Pylon  
  135  30:05  Stalker x3  
  135  30:06  Stalker x3  
Show
View Real Time Build Order
Export as new Build Order

MattBarry Zerg 

Build Orders:  

Get SALT Encoding   

  18  0:03  Primal Drone  
  19  0:12  Primal Drone  
  19  0:18  Primal Drone  
  21  0:41  Extractor  
  21  0:54  Primal Warden  
  21  0:56  Primal Drone  
  23  1:02  Primal Drone  
  24  1:16  Primal Drone  
  24  1:17  Primal Drone  
  26  1:24  Primal Drone  
  27  1:41  Primal Drone  
  28  2:14  Primal Drone x2  
  28  2:18  Primal Zergling  
  28  2:19  Primal Zergling  
  32  2:39  Glevig's Den  
  31  2:44  Primal Drone x2  
  33  2:59  Primal Hive  
  38  3:05  Primal Zergling x3  
  41  3:19  Primal Drone x2  
  43  3:36  Ravasaur x2  
  43  4:04  Primal Zergling  
  43  4:05  Primal Zergling x3  
  43  4:08  Primal Drone  
  43  4:09  Primal Drone x2  
  49  4:12  Primal Attacks Level 1  
  49  5:19  Primal Hive  
  49  5:24  Primal Drone x4  
  49  5:25  Primal Drone  
  49  5:29  Extractor  
  54  5:37  Murvar's Den  
  53  6:26  Primal Wurm  
  53  6:52  Primal Carapace Level 1  
  53  6:57  Primal Warden  
  56  7:01  Primal Warden  
  56  7:03  Primal Roach, Primal Warden  
  56  7:04  Primal Roach x4  
  56  7:06  Primal Warden  
  62  8:31  Primal Drone x2  
  62  8:32  Primal Drone x3  
  62  8:34  Primal Attacks Level 2  
  62  8:35  Extractor  
  67  9:02  Glial Reconstitution  
  67  9:19  Primal Wurm  
  69  9:21  Primal Wurm  
  70  9:35  Primal Wurm  
  71  9:44  Primal Wurm  
  71  10:18  Primal Roach  
  71  10:19  Primal Zergling, Primal Roach x6  
  86  10:21  Primal Zergling  
  85  11:07  Primal Roach  
  85  11:08  Primal Roach x7  
  101  12:25  Primal Attacks Level 3, Primal Drone  
  101  12:26  Primal Drone x9  
  101  12:28  Primal Hydralisk  
  111  12:39  Extractor  
  111  12:52  Primal Zergling x2  
  111  12:53  Primal Zergling x23  
  111  12:57  Primal Drone  
  137  13:00  Primal Drone x3  
  140  14:06  Primal Drone  
  140  14:08  Primal Carapace Level 2, Primal Drone x2  
  140  14:09  Primal Drone x2  
  145  14:20  Primal Drone  
  146  14:34  Primal Drone x3  
  146  14:35  Primal Drone x2  
  151  14:43  Primal Drone  
  151  14:47  Primal Roach  
  151  14:48  Primal Roach x13  
  151  14:49  Primal Roach x4  
  85  17:15  Primal Zergling  
  85  17:16  Primal Zergling x18  
  85  17:17  Primal Zergling x6  
  110  17:27  Primal Drone x2  
  110  17:28  Primal Drone  
  113  17:39  Primal Warden  
  114  17:53  Primal Warden x2  
  114  17:54  Primal Warden x3  
  119  18:01  Dakrun's Den  
  119  18:06  Muscular Augments  
  118  18:35  Ravasaur  
  118  18:36  Ravasaur x9  
  118  18:37  Ravasaur x2  
  118  18:55  Primal Drone x2  
  118  18:56  Primal Carapace Level 3  
  120  19:00  Primal Hydralisk x3  
  120  19:01  Primal Hydralisk x2  
  127  22:00  Primal Warden  
  127  22:03  Primal Warden  
  127  22:06  Primal Warden  
  127  22:07  Primal Warden  
  127  22:10  Primal Warden  
  125  22:55  Primal Warden  
  125  22:57  Primal Warden  
  125  23:14  Primal Hydralisk  
  125  23:15  Primal Hydralisk x19  
  125  23:16  Primal Hydralisk x17  
  107  24:53  Primal Ultralisk  
  107  24:54  Primal Ultralisk x10  
  107  24:56  Primal Zergling  
  107  24:57  Primal Zergling x16  
  107  24:58  Primal Zergling  
  192  25:20  Primal Wurm  
  192  25:25  Primal Warden  
  193  26:16  Primal Drone  
  193  26:17  Primal Drone x5  
  193  26:18  Primal Drone  
Tags
 
Add a new tag
Caveats
  • Supply blocks, unpowered buildings, or Contaminate may cause inaccurate times.
  • Supply counts are checked every 10 seconds.